 Dungeon Crawl Stone Soup version 0.30-a0-782-ge64f9170bb (webtiles) character file.

Game seed: 15835975722448133671

73 Dirtsage the Chopper (level 4, -3/35 HPs)
             Began as a Demonspawn Fighter on Mar 2, 2023.
             Slain by a gnoll
             ... wielding a +0 flail
              (5 damage)
             ... on level 1 of the Dungeon.
             The game lasted 00:02:35 (1237 turns).

Dirtsage the Chopper (Demonspawn Fighter)           Turns: 1237, Time: 00:02:36

Health: -3/35      AC: 12    Str: 18    XL:     4   Next: 8%
Magic:  4/4        EV:  6    Int: 10    God:
Gold:   38         SH:  4    Dex: 12    Spells: 3/3 levels left

rFire   . . .      SeeInvis .    a - +0 war axe
rCold   . . .      Faith    .    c - +0 buckler
rNeg    . . .      Spirit   .    h - +0 chain mail
rPois   .          Reflect  .    i - +0 helmet
rElec   .          Harm     .    (no cloak)
rCorr   .          Rampage  .    (no gloves)
Will    .....                    (no boots) Stlth
                                 (no amulet)
HPRegen 0.25/turn                (no ring)
MPRegen 0.09/turn                (no ring)

@: no status effects
A: molten scales 1, ignite blood 1
a: no special abilities


You were on level 1 of the Dungeon.
You visited 1 branch of the dungeon, and saw 2 of its levels.

You collected 38 gold pieces.

Inventory:

Hand Weapons
 a - a +0 war axe (weapon)
Armour
 b - a +0 scale mail
 c - a +0 buckler (worn)
 h - a +0 chain mail (worn)
 i - a +0 helmet (worn)
Scrolls
 e - 2 scrolls of identify {unknown}
 f - a scroll of acquirement {unknown}
 g - 2 scrolls of noise {unknown}
Potions
 d - a potion of might


   Skills:
 - Level 3.0 Fighting
 + Level 4.0 Axes
 - Level 2.6 Armour
 - Level 2.6 Shields


You had 3 spell levels left.
You didn't know any spells.
Your spell library was empty.

Dungeon Overview and Level Annotations

Branches:
Dungeon (2/15)

Altars:

Annotations:
D:2 Natasha


Innate Abilities, Weirdness & Mutations

You are partially covered in molten scales. (AC +2)
Your demonic aura sometimes causes spilled blood to erupt in flames.


Message History

There is a stone staircase leading up here.
You take 2 damage, and have 27/29 hp.
You barely miss the gnoll. You slash the jackal!
You kill the jackal!
You block the gnoll's attack.
You barely miss the gnoll. The gnoll hits you with a +0 flail.
The gnoll hits you but does no damage. The gnoll barely misses you.
You take 6 damage, and have 22/29 hp.
MASSIVE DAMAGE!!
The gnoll hits you with a +0 whip! The gnoll hits you with a +0 flail!
* * * LOW HITPOINT WARNING * * *
You climb upwards.
There is a stone staircase leading down, spattered with blood here.
You take 16 damage, and have 6/29 hp.
MASSIVE DAMAGE!!
You barely miss the gnoll. x2; The gnoll hits you with a +0 flail.
* * * LOW HITPOINT WARNING * * *
You block the gnoll's attack.
You barely miss the gnoll. You hit the gnoll but do no damage.
The gnoll hits you but does no damage. The gnoll barely misses you.
Okay, then.
You aren't carrying any items that you can evoke.
Unknown command.
You closely miss the gnoll. You hit the gnoll but do no damage.
You block the gnoll's attack. x2; The gnoll hits you but does no damage.
The gnoll hits you with a +0 whip.
* * * LOW HITPOINT WARNING * * *
You take 2 damage, and have 4/29 hp.
You hit the gnoll.
The gnoll is moderately wounded.
You hit the gnoll but do no damage. The gnoll barely misses you.
The gnoll is engulfed in blazing flames.
You kill the gnoll!
Your Axes skill increases to level 4!
You have reached level 4!
You feel clever.
You regained 2 hp, and now have 6/35 hp.
MP restored: 4 You hit the gnoll but do no damage.
The gnoll hits you with a +0 flail.
* * * LOW HITPOINT WARNING * * *
The gnoll hits you with a +0 flail.
You die...

.##....#.##..#.# ##.P#.'.#
.##....#.....#.# ##.#.#.#
.......#.....#.# #..P#.#
.##....#.###.#.#####8###.#
.##....#.....#.##..#.....#
.##....#.#..##.....#'#####
.....#.#.#.........#.#.#
.#..#..#.#......)g.#...#
.#..#..#........@(.###.#
.#...##.........°..# #.#
.#.......#.#.......# #.#
...............##.## #.#
........#......##.# #.#
.#.####.#..#...##.# #.#
.#......#..#...##.# #.#
#########..#...##.####.#
....................##.#


You could see a gnoll.

Vanquished Creatures
  An adder (D:1)
  2 gnolls (D:1)
  A dart slug (D:1)
  5 ball pythons
  2 endoplasms (D:1)
  4 giant cockroaches
  5 goblins (D:1)
  3 hobgoblins (D:1)
  4 jackals
  A quokka (D:1)
  4 bats (D:1)
  4 kobolds (D:1)
  3 rats (D:1)
39 creatures vanquished.

Notes
Turn   | Place    | Note
-------+----------+-------------------------------------------
     0 | D:1      | Dirtsage the Demonspawn Fighter began the quest for the
                  | Orb.
     0 | D:1      | Reached XP level 1. HP: 18/18 MP: 1/1
    66 | D:1      | Reached skill level 2 in Axes
   118 | D:1      | Gained mutation: You are partially covered in molten
                  | scales. (AC +2) [demonic ancestry]
   118 | D:1      | Reached XP level 2. HP: 24/24 MP: 2/2
   376 | D:1      | Reached skill level 3 in Axes
   578 | D:1      | Gained mutation: Your demonic aura sometimes causes spilled
                  | blood to erupt in flames. [demonic ancestry]
   578 | D:1      | Reached XP level 3. HP: 29/29 MP: 3/3
   716 | D:1      | Found a faded altar of an unknown god.
  1092 | D:2      | Noticed Natasha
  1237 | D:1      | Reached skill level 4 in Axes
  1237 | D:1      | Reached XP level 4. HP: 6/35 MP: 4/4
  1237 | D:1      | Slain by a gnoll

Illustrated notes

Levels and vault maps discovered:
D:1:      eino_arrival_tree_alley, layout_basic,
          shapermc_ecumenical_altar_ellora, minmay_curled_crystal
D:2:      layout_loops_ring, uniq_crazy_yiuf_cottage, uniq_natasha

Skill      XL: |  1  2  3 |
---------------+----------+-----
Axes           | 2 3 4 |  4.0
Fighting       | |  3.0
Armour         | |  2.6
Shields        | |  2.6

Action                     |  1- 3 |  4- 6 || total
---------------------------+-------+-------++-------
  Melee: War axe           |   116 |     1 ||   117
 Armour: Scale mail        |    32 |       ||    32
         Chain mail        |    67 |       ||    67
  Dodge: Dodged            |    58 |       ||    58
  Block: Buckler           |    46 |       ||    46

Table legend: (Time is in decaauts)
 A = Elapsed time spent in this place.
 B = Non-inter-level travel time spent in this place.
 C = Inter-level travel time spent in this place.
 D = Time resting spent in this place.
 E = Time spent auto-exploring this place.
 F = Levels seen in this place.
 G = Mean time per level.
                   A        B        C        D        E       F      G
               +--------+--------+--------+--------+--------+-----+--------+
         Total |   1292 |   1237 |     55 |     60 |    873 |   2 |  646.0 |
       Dungeon |   1292 |   1237 |     55 |     60 |    873 |   2 |  646.0 |
               +--------+--------+--------+--------+--------+-----+--------+

Top non-repeatable levels by time:
     D:1: 1252 daAuts
     D:2: 40 daAuts
